 Dungeon Crawl Stone Soup version 0.28-a0-1594-ga885d4b3d6 (webtiles) character file.

Game seed: 5263976466719686426

117 psuckher the Cutter (level 5, -1/36 HPs)
             Began as a Barachi Wanderer on Jan 20, 2022.
             Was a Follower of Vehumet.
             Killed by an exploding Robin (7 damage)
             ... ignited by their inner flame
             ... on level 3 of the Dungeon.
             The game lasted 00:12:19 (2324 turns).

psuckher the Cutter (Barachi Wanderer)              Turns: 2324, Time: 00:12:19

Health: -1/36      AC: 11    Str: 11    XL:     5   Next: 1%
Magic:  0/7        EV:  2    Int: 24    God:    Vehumet [*.....]
Gold:   172        SH:  0    Dex: 12    Spells: 6/7 levels left

rFire   + + .      SeeInvis .   j - +6 mace of Ofeppef {drain, *Slow rF+ Will+}
rCold   . . .      Faith    .   (no shield)
rNeg    . . .      Spirit   +   l - +0 plate armour "Opabahiy" {rElec rF+ Int+2}
rPois   +          Reflect  .   (no helmet)
rElec   +          Harm     .   (no cloak)
rCorr   .          Rampage  .   b - +0 pair of gloves
Will    +....                   (no boots)
Stlth   ..........              m - amulet of guardian spirit
HPRegen 0.12/turn               n - ring "Deriulac" {+Blink rPois Int+6 Slay+2}
MPRegen 0.10/turn               (no ring)

@: very slightly contaminated, slow
A: amphibious, slowness 1, strong legs 1, +LOS
a: Hop, Renounce Religion, Evoke Blink


You were on level 3 of the Dungeon.
You worshipped Vehumet.
Vehumet was aware of your devotion.
You visited 1 branch of the dungeon, and saw 4 of its levels.

You collected 172 gold pieces.

Inventory:

Hand Weapons
 a - a +0 short sword
 j - the +6 mace of Ofeppef (weapon) {drain, *Slow rF+ Will+}
   (You took it off a kobold on level 2 of the Dungeon)

   A truly terrible weapon, it drains the life of any living foe it strikes.
   rF:        It protects you from fire.
   *Slow:     It may slow you when you take damage.
   Will:      It increases your willpower.
Missiles
 c - 53 stones
Armour
 b - a +0 pair of gloves (worn)
 d - a +0 robe
 h - a +0 pair of gloves
 l - the +0 plate armour "Opabahiy" (worn) {rElec rF+ Int+2}
   (You found it on level 2 of the Dungeon)

   Int:       It affects your intelligence (+2).
   rF:        It protects you from fire.
   rElec:     It insulates you from electricity.
Magical Staves
 k - a staff of air
Jewellery
 m - an amulet of guardian spirit (around neck)
 n - the ring "Deriulac" (left hand) {+Blink rPois Int+6 Slay+2}
   (You found it on level 3 of the Dungeon)

   [ring of intelligence]

   Int:       It affects your intelligence (+6).
   Slay:      It affects your accuracy & damage with ranged weapons and melee
   (+2).
   rPois:     It protects you from poison.
   +Blink:    It lets you blink.
Scrolls
 e - a scroll of identify
 f - a scroll of magic mapping
 o - 2 scrolls of amnesia {unknown}
Potions
 i - a potion of brilliance


   Skills:
 + Level 0.6 Fighting
 + Level 5.1 Short Blades
 + Level 0.7 Maces & Flails
 + Level 0.2 Armour
 + Level 4.0 Dodging
 + Level 0.1 Stealth
 + Level 1.8 Spellcasting
 + Level 3.1 Earth Magic


You had 6 spell levels left.
You knew the following spells:

 Your Spells              Type           Power      Damage    Failure   Level
a - Sandblast             Erth           34%        2d9       100%        1

Your spell library contained the following spells:

 Spells                   Type           Power      Damage    Failure   Level
 Shock                    Conj/Air       8%         1d3       100%        1
 Passwall                 Tmut/Erth      7%         N/A       100%        2
 Petrify                  Tmut/Erth      9%         N/A       100%        4


Dungeon Overview and Level Annotations

Branches:
Dungeon (4/15)
 Temple: D:4-7

Altars:
Vehumet

Annotations:
D:3 Terence


Innate Abilities, Weirdness & Mutations

You are amphibious.
You cover ground slowly.
You can hop short distances.
You have an extended range of vision and can be seen from far away.


Message History

The hobgoblin hits you but does no damage.
The goblin hits you but does no damage.
Aiming: Sandblast (safe; 100% risk of failure)
Press: ? - help, Q - select action, (/) - cycle Shift-Dir - straight line, f - goblin, p - goblin
Aim: a goblin, wielding a +0 dagger (strong, 74% to hit)
You miscast Sandblast.
Nothing appears to happen.
The goblin hits you but does no damage. The goblin hits you with a +0 dagger.
The rat twitches its whiskers.
The goblin hits you but does no damage.
The hobgoblin hits you but does no damage.
Okay, then.
You barely miss Robin.
The goblin hits you but does no damage. x3
The hobgoblin completely misses you. The goblin hits you but does no damage.
Robin hits you with a +0 whip. The goblin hits you but does no damage.
You hit Robin.
Robin is moderately wounded.
The goblin hits you with a +0 dagger.
The hobgoblin hits you but does no damage.
The goblin hits you but does no damage. The goblin hits you with a +0 dagger.
* * * LOW HITPOINT WARNING * * *
You hit the goblin.
You kill the goblin!
Vehumet accepts your kill.
The hobgoblin hits you but does no damage.
The goblin hits you but does no damage. x3
The hobgoblin hits you but does no damage.
As you read the scroll of immolation, it crumbles to dust.
The creatures around you are filled with an inner flame!
The goblin completely misses you. The goblin hits you but does no damage.
The goblin hits you with a +0 dagger.
* * * LOW HITPOINT WARNING * * *
The hobgoblin hits you.
* * * LOW HITPOINT WARNING * * *
You sock Robin! Vehumet accepts your kill.
Robin explodes!
The fiery explosion engulfs the goblin!!
Vehumet accepts your kill.
You feel your power returning. The fiery explosion engulfs you! You resist.
You die...

##..........
..........##
##..........#
.#......[....#
............#
#..........#
#....ggg...#
#..rg§gg.#
#.gg@§g#
########


You could see 3 hobgoblins, 6 goblins and a rat (inner flame).

Vanquished Creatures
  Robin (D:3)
  6 adders
  3 dart slugs
  A worm (D:2)
  4 ball pythons
  4 bats
  2 endoplasms (D:2)
  3 giant cockroaches
  6 goblins
  9 hobgoblins
  6 jackals
  4 kobolds
  A quokka (D:1)
  3 frilled lizards (D:1)
  2 rats (D:1)
55 creatures vanquished.

Notes
Turn   | Place    | Note
-------+----------+-------------------------------------------
     0 | D:1      | psuckher the Barachi Wanderer began the quest for the Orb.
     0 | D:1      | psuckher set off with the following items: a +0 short
                  | sword, a +0 pair of gloves, 23 stones, a +0 robe; and the
                  | following spell memorised: Sandblast; and the following
                  | spells available to memorise: Passwall, Petrify
     0 | D:1      | Reached XP level 1. HP: 13/13 MP: 2/2
   353 | D:1      | Reached XP level 2. HP: 15/19 MP: 1/3
   972 | D:2      | Reached XP level 3. HP: 24/24 MP: 1/4
  1065 | D:2      | Reached skill level 5 in Short Blades
  1209 | D:2      | Reached XP level 4. HP: 16/31 MP: 1/6
  1260 | D:2      | Found a faded altar of an unknown god.
  1266 | D:2      | Identified the +6 mace of Ofeppef {drain, *Slow rF+ Will+}
  1288 | D:2      | Prayed at the altar of an unknown god.
  1288 | D:2      | Became a worshipper of Vehumet
  1288 | D:2      | Reached * piety under Vehumet
  1288 | D:2      | Offered knowledge of Shock by Vehumet.
  1915 | D:2      | Identified the +0 plate armour "Opabahiy" {rElec rF+ Int+2}
  2100 | D:3      | Noticed Terence
  2159 | D:3      | Identified the ring "Deriulac" {+Blink rPois Int+6 Slay+2}
  2190 | D:3      | You fall into a shaft and drop 1 floor!
  2265 | D:4      | Reached XP level 5. HP: 21/36 MP: 5/7
  2315 | D:3      | Noticed Robin
  2324 | D:3      | Killed Robin
  2324 | D:3      | Killed by an exploding Robin... ignited by their inner
                  | flame

Illustrated notes

Levels and vault maps discovered:
D:1:      heliophobic_arrival_henge, layout_loops_corners
D:2:      layout_basic, shapermc_ecumenical_altar_venn,
          hangedman_decor_peaks_small
D:3:      layout_rooms, nicolae_uskayaw_murder_on_the_dancefloor,
          mainiacjoe_overflow_surrounded_room, uniq_robin, uniq_terence
D:4:      layout_cave_pods

Skill      XL: |  1  2  3  4 |
---------------+-------------+-----
Short Blades   | 5 |  5.1
Earth Magic    | 3 |  3.1
Dodging        | 4 |  4.0
Fighting       | |  0.6
Maces & Flails | |  0.7
Armour         | |  0.2
Stealth        | |  0.1
Spellcasting   | |  1.8

Action                   |  1- 3 |  4- 6 || total
-------------------------+-------+-------++-------
Melee: Short sword       |    78 |     8 ||    86
       Punch             |     2 |     1 ||     3
       Mace              |       |    52 ||    52
 Cast: Sandblast         |    22 |     6 ||    28
  Use: Scroll            |       |     4 ||     4
Armor: Robe              |    28 |     2 ||    30
       Plate armour      |       |    81 ||    81
Dodge: Dodged            |    73 |    37 ||   110

Table legend: (Time is in decaauts)
 A = Elapsed time spent in this place.
 B = Non-inter-level travel time spent in this place.
 C = Inter-level travel time spent in this place.
 D = Time resting spent in this place.
 E = Time spent auto-exploring this place.
 F = Levels seen in this place.
 G = Mean time per level.
                   A        B        C        D        E       F      G
               +--------+--------+--------+--------+--------+-----+--------+
         Total |   2748 |   2387 |    361 |      0 |      0 |   4 |  687.0 |
       Dungeon |   2748 |   2387 |    361 |      0 |      0 |   4 |  687.0 |
               +--------+--------+--------+--------+--------+-----+--------+

Top non-repeatable levels by time:
     D:2: 1390 daAuts
     D:1: 1140 daAuts
     D:4: 149 daAuts
     D:3: 67 daAuts
